| TOP OF THE 1ST |
|
Princeton Rays batting - Pitching for Pulaski Yankees : LHP Sergio Huerta
|
|
Pitching: LHP Sergio Huerta
|
|
|
Batting: SHB Joshua Jackson
|
0-0: Swinging Strike 0-1: Ball 1-1: Ball 2-1: Ball 3-1: Base on Balls
|
|
Batting: RHB Adam Turpin
|
0-0: Ball Passed Ball! Joshua Jackson to second 1-0: Ball Wild Pitch! Joshua Jackson to third 2-0: Ground out 5-3 (Groundball, 56, EV 100.0 MPH) Joshua Jackson scores
|
|
Batting: LHB Oscar Curiel
|
0-0: Ball 1-0: Called Strike 1-1: Ground out 4-3 (Groundball, 4, EV 101.2 MPH)
|
|
Batting: RHB Jim Erdody
|
0-0: Called Strike 0-1: Ground out 5-3 (Groundball, 56S, EV 88.1 MPH)
|
| Top of the 1st over - 1 run, 0 hits, 0 errors, 0 left on base; Princeton 1 - Pulaski 0 |
| BOTTOM OF THE 1ST |
|
Pulaski Yankees batting - Pitching for Princeton Rays : RHP Julio Trejo
|
|
Pitching: RHP Julio Trejo
|
|
|
Batting: RHB Jonathan Iniguez
|
0-0: Foul Ball, location: 2F 0-1: Called Strike 0-2: SINGLE (Flyball, 89S, EV 96.9 MPH)
|
|
Batting: RHB Gonçalo Burhil
|
0-0: Ball Wild Pitch! Jonathan Iniguez to second 1-0: Called Strike 1-1: Fly out, F5 (Popup, 5SF, EV 75.6 MPH)
|
|
Batting: SHB Corey Penson
|
0-0: Ball 1-0: Fly out, F7 (Flyball, 7D, EV 101.9 MPH) Runner from 2nd tags up, SAFE at 3rd, no throw by LF
|
|
Batting: LHB Steve LeGrand
|
0-0: Foul Ball, location: 2F 0-1: Called Strike 0-2: Strikes out swinging
|
| Bottom of the 1st over - 0 runs, 1 hit, 0 errors, 1 left on base; Princeton 1 - Pulaski 0 |
| TOP OF THE 2ND |
|
Princeton Rays batting - Pitching for Pulaski Yankees : LHP Sergio Huerta
|
|
Batting: LHB Dave Northam
|
0-0: Ball 1-0: Called Strike 1-1: Called Strike 1-2: Ground out 3-1 (Groundball, 34S, EV 90.0 MPH)
|
|
Batting: RHB Roberto Aispuro
|
0-0: Ball 1-0: Foul Ball, location: 2F 1-1: Ball 2-1: Called Strike 2-2: Fly out, F8 (Flyball, 8RD, EV 100.0 MPH)
|
|
Batting: RHB Bobby Ross
|
0-0: Called Strike 0-1: Called Strike 0-2: Ball 1-2: Ball 2-2: Ball 3-2: Reached on error, E6 (Groundball, 6, EV 86.9 MPH)
|
|
Batting: LHB Sean Banks
|
0-0: Foul Ball, location: 2F 0-1: Ball 1-1: Swinging Strike 1-2: Ball 2-2: Ball 3-2: Fly out, F9 (Flyball, 9LS, EV 77.5 MPH)
|
| Top of the 2nd over - 0 runs, 0 hits, 1 error, 1 left on base; Princeton 1 - Pulaski 0 |
| BOTTOM OF THE 2ND |
|
Pulaski Yankees batting - Pitching for Princeton Rays : RHP Julio Trejo
|
|
Batting: RHB David Durr
|
0-0: Ball 1-0: SINGLE (Groundball, 4MS, EV 81.9 MPH) (infield hit)
|
|
Batting: LHB Jared Zulkowski
|
0-0: Ball 1-0: Ball 2-0: Called Strike 2-1: Called Strike 2-2: Strikes out looking
|
|
Batting: LHB Matt Cusatis
|
0-0: Foul Ball, location: 2F 0-1: Ball 1-1: Called Strike 1-2: Strikes out swinging
|
|
Batting: LHB Dustin Shaw
|
0-0: Called Strike 0-1: Swinging Strike 0-2: Foul Ball, location: 2F 0-2: Strikes out swinging
|
| Bottom of the 2nd over - 0 runs, 1 hit, 0 errors, 1 left on base; Princeton 1 - Pulaski 0 |
| TOP OF THE 3RD |
|
Princeton Rays batting - Pitching for Pulaski Yankees : LHP Sergio Huerta
|
|
Batting: SHB Berthold Frey
|
0-0: Foul Ball, location: 2F 0-1: Foul Ball, location: 2F 0-2: Ball 1-2: Ground out 5-3 (Groundball, 15, EV 84.4 MPH)
|
|
Batting: SHB Joshua Jackson
|
0-0: Foul Ball, location: 2F 0-1: Swinging Strike 0-2: Ball 1-2: Ball 2-2: Ball 3-2: Foul Ball, location: 2F 3-2: Base on Balls
|
|
Batting: RHB Adam Turpin
|
0-0: SINGLE (Line Drive, 9S, EV 95.0 MPH) Joshua Jackson to second Runner from 2nd tries for 3rd, SAFE, throw by RF made to third
|
|
Batting: LHB Oscar Curiel
|
0-0: Hit by Pitch Adam Turpin to second
|
|
Batting: RHB Jim Erdody
|
0-0: Ball 1-0: Fly out, F8 (Flyball, 8LD, EV 95.6 MPH) Runner from 3rd tags up, SCORES, no throw by CF
|
|
Batting: LHB Dave Northam
|
0-0: SINGLE (Groundball, 34D, EV 98.8 MPH) Adam Turpin to third Oscar Curiel to second Runner from 3rd tries for Home, SAFE, throw by RF to home
|
|
Batting: RHB Roberto Aispuro
|
0-0: Ball Passed Ball! Oscar Curiel to third Dave Northam to second 1-0: Called Strike 1-1: DOUBLE (Line Drive, 9LM, EV 103.8 MPH) Oscar Curiel scores Dave Northam scores
|
|
Pitching: LHP Loo Lei
|
|
|
Batting: RHB Bobby Ross
|
0-0: Ball 1-0: Foul Ball, location: 2F 1-1: Foul Ball, location: 2F 1-2: Strikes out swinging
|
| Top of the 3rd over - 4 runs, 3 hits, 0 errors, 1 left on base; Princeton 5 - Pulaski 0 |
| BOTTOM OF THE 3RD |
|
Pulaski Yankees batting - Pitching for Princeton Rays : RHP Julio Trejo
|
|
Batting: RHB Ben Cunningham
|
0-0: Called Strike 0-1: Ball 1-1: Ball 2-1: Ground out U3 (Groundball, 34S, EV 93.1 MPH)
|
|
Batting: RHB Jonathan Iniguez
|
0-0: Ball 1-0: Ground out 3-1 (Groundball, 34, EV 81.2 MPH)
|
|
Batting: RHB Gonçalo Burhil
|
0-0: Called Strike 0-1: Ground out 4-3 (Groundball, 4, EV 90.0 MPH)
|
| Bottom of the 3rd over - 0 runs, 0 hits, 0 errors, 0 left on base; Princeton 5 - Pulaski 0 |
| TOP OF THE 4TH |
|
Princeton Rays batting - Pitching for Pulaski Yankees : LHP Loo Lei
|
|
Batting: LHB Sean Banks
|
0-0: Swinging Strike 0-1: Called Strike 0-2: Ground out 4-3 (Groundball, 4, EV 85.0 MPH)
|
|
Batting: SHB Berthold Frey
|
0-0: Swinging Strike 0-1: Ball 1-1: Foul Ball, location: 2F 1-2: Foul Ball, location: 2F 1-2: Ball 2-2: Fly out, F9 (Flyball, 89M, EV 89.4 MPH)
|
|
Batting: SHB Joshua Jackson
|
0-0: Swinging Strike 0-1: Foul Ball, location: 2F 0-2: Fly out, F6 (Popup, 6M, EV 71.2 MPH)
|
| Top of the 4th over - 0 runs, 0 hits, 0 errors, 0 left on base; Princeton 5 - Pulaski 0 |
| BOTTOM OF THE 4TH |
|
Pulaski Yankees batting - Pitching for Princeton Rays : RHP Julio Trejo
|
|
Batting: SHB Corey Penson
|
0-0: SOLO HOME RUN (Flyball, 89XD, EV 106.9 MPH), Distance : 413 ft
|
|
Batting: LHB Steve LeGrand
|
0-0: Ground out 4-3 (Groundball, 4, EV 105.0 MPH)
|
|
Batting: RHB David Durr
|
0-0: Ball 1-0: Ball 2-0: SINGLE (Flyball, 78S, EV 85.6 MPH)
|
|
Batting: LHB Jared Zulkowski
|
0-0: 2-RUN HOME RUN (Flyball, 9D, EV 96.9 MPH), Distance : 359 ft
|
|
Batting: LHB Matt Cusatis
|
0-0: Swinging Strike 0-1: Swinging Strike 0-2: Ball 1-2: Strikes out swinging
|
|
Batting: LHB Dustin Shaw
|
0-0: Ball 1-0: Foul Ball, location: 2F 1-1: Swinging Strike 1-2: Strikes out swinging
|
| Bottom of the 4th over - 3 runs, 3 hits, 0 errors, 0 left on base; Princeton 5 - Pulaski 3 |
| TOP OF THE 5TH |
|
Princeton Rays batting - Pitching for Pulaski Yankees : LHP Loo Lei
|
|
Batting: RHB Adam Turpin
|
0-0: Ball 1-0: SINGLE (Groundball, 34D, EV 106.2 MPH)
|
|
Batting: LHB Oscar Curiel
|
0-0: Ball 1-0: Foul Ball, location: 2F 1-1: Swinging Strike 1-2: Strikes out swinging Adam Turpin steals 2nd base Batter strikes out.
|
|
Batting: RHB Jim Erdody
|
0-0: Ball Adam Turpin steals 3rd base (no throw) 1-0: Ball Passed Ball! Adam Turpin scores 2-0: Ball 3-0: Called Strike 3-1: Foul Ball, location: 2F 3-2: Base on Balls
|
|
Batting: LHB Dave Northam
|
0-0: Called Strike 0-1: Fielders Choice at 2nd, 3-6 (Groundball, 3, EV 88.8 MPH)
|
|
Batting: RHB Roberto Aispuro
|
0-0: Ball 1-0: Fly out, F8 (Flyball, 8LD, EV 92.5 MPH)
|
| Top of the 5th over - 1 run, 1 hit, 0 errors, 1 left on base; Princeton 6 - Pulaski 3 |
| BOTTOM OF THE 5TH |
|
Pulaski Yankees batting - Pitching for Princeton Rays : RHP Julio Trejo
|
|
Batting: RHB Ben Cunningham
|
0-0: Called Strike 0-1: Foul Ball, location: 2F 0-2: Strikes out swinging
|
|
Batting: RHB Jonathan Iniguez
|
0-0: Ball 1-0: Called Strike 1-1: Ball 2-1: Swinging Strike 2-2: Strikes out swinging
|
|
Batting: RHB Gonçalo Burhil
|
0-0: Ball 1-0: Foul Ball, location: 2F 1-1: Ball 2-1: Ball 3-1: Foul Ball, location: 2F 3-2: Base on Balls
|
|
Batting: SHB Corey Penson
|
0-0: Ground out U3 (Groundball, 3, EV 106.2 MPH)
|
| Bottom of the 5th over - 0 runs, 0 hits, 0 errors, 1 left on base; Princeton 6 - Pulaski 3 |
| TOP OF THE 6TH |
|
Princeton Rays batting - Pitching for Pulaski Yankees : LHP Loo Lei
|
|
Batting: RHB Bobby Ross
|
0-0: Called Strike 0-1: Ball 1-1: Foul Ball, location: 2F 1-2: Ball 2-2: SINGLE (Groundball, 56S, EV 66.2 MPH) (infield hit)
|
|
Batting: LHB Sean Banks
|
0-0: Ball 1-0: Ball Passed Ball! Bobby Ross to second 2-0: Intentional Walk
|
|
Batting: SHB Berthold Frey
|
0-0: Ball 1-0: Foul Ball, location: 2F 1-1: Ball 2-1: SINGLE (Groundball, 34D, EV 100.0 MPH) Bobby Ross to third Sean Banks to second
|
|
Batting: SHB Joshua Jackson
|
0-0: Called Strike 0-1: Ball 1-1: Ball Passed Ball! Bobby Ross scores Sean Banks to third Berthold Frey to second 2-1: Ball Passed Ball! Sean Banks scores Berthold Frey to third 3-1: Foul Ball, location: 2F 3-2: Base on Balls
|
|
Batting: RHB Adam Turpin
|
0-0: Ball Passed Ball! Berthold Frey scores Joshua Jackson to second 1-0: Ground out 4-3 (Groundball, 4, EV 103.1 MPH) Joshua Jackson to third
|
|
Batting: LHB Oscar Curiel
|
0-0: Ball 1-0: Called Strike 1-1: Ball Passed Ball! Joshua Jackson scores 2-1: Ball 3-1: Foul Ball, location: 2F 3-2: Base on Balls
|
|
Pitching: RHP Jon Campbell
|
|
|
Batting: RHB Jim Erdody
|
0-0: Grounds into double play, 6-4-3 (Groundball, 6S, EV 86.2 MPH)
|
| Top of the 6th over - 4 runs, 2 hits, 0 errors, 0 left on base; Princeton 10 - Pulaski 3 |
| BOTTOM OF THE 6TH |
|
Pulaski Yankees batting - Pitching for Princeton Rays : RHP Julio Trejo
|
|
Batting: LHB Steve LeGrand
|
0-0: Called Strike 0-1: Fly out, F9 (Flyball, 9LS, EV 88.1 MPH)
|
|
Batting: RHB David Durr
|
0-0: Swinging Strike 0-1: Fly out, F8 (Flyball, 89S, EV 82.5 MPH)
|
|
Batting: LHB Jared Zulkowski
|
0-0: Foul Ball, location: 2F 0-1: Called Strike 0-2: Ball 1-2: Strikes out swinging
|
| Bottom of the 6th over - 0 runs, 0 hits, 0 errors, 0 left on base; Princeton 10 - Pulaski 3 |
| TOP OF THE 7TH |
|
Princeton Rays batting - Pitching for Pulaski Yankees : RHP Jon Campbell
|
|
Batting: LHB Dave Northam
|
0-0: Foul Ball, location: 2F 0-1: Ball 1-1: Foul Ball, location: 2F 1-2: Foul Ball, location: 2F 1-2: Foul Ball, location: 2F 1-2: Ball 2-2: SINGLE (Groundball, 34D, EV 106.2 MPH)
|
|
Pinch Hitting: LHB Jonathan Spino
|
0-0: Ball Dave Northam steals 2nd, throwing error, E2 Dave Northam to third 1-0: Ball Passed Ball! Dave Northam scores 2-0: Ball 3-0: Base on Balls
|
|
Batting: RHB Bobby Ross
|
0-0: Called Strike Jonathan Spino steals 2nd, throwing error, E2 Jonathan Spino to third 0-1: Foul Ball, location: 2F 0-2: SINGLE (Flyball, 34D, EV 97.5 MPH) Jonathan Spino scores
|
|
Batting: LHB Sean Banks
|
0-0: Ball 1-0: Ball Passed Ball! Bobby Ross to second 2-0: Called Strike 2-1: Ball 3-1: Base on Balls
|
|
Batting: SHB Berthold Frey
|
0-0: Ball Passed Ball! Bobby Ross to third Sean Banks to second 1-0: Ball 2-0: Called Strike 2-1: Ball Wild Pitch! Bobby Ross scores Sean Banks to third 3-1: Swinging Strike 3-2: Foul Ball, location: 2F 3-2: Base on Balls
|
|
Pitching: LHP Alex Ramirez
|
|
|
Batting: SHB Joshua Jackson
|
0-0: Called Strike 0-1: Hit by Pitch Berthold Frey to second
|
|
Batting: RHB Adam Turpin
|
0-0: Ball 1-0: Swinging Strike 1-1: Ball 2-1: Called Strike 2-2: Strikes out swinging
|
|
Batting: LHB Oscar Curiel
|
0-0: Ball 1-0: Ball Wild Pitch! Sean Banks scores Berthold Frey to third Joshua Jackson to second 2-0: Called Strike 2-1: Ball Passed Ball! Berthold Frey scores Joshua Jackson to third 3-1: Base on Balls
|
|
Batting: RHB Jim Erdody
|
0-0: Ball Wild Pitch! Joshua Jackson scores Oscar Curiel to second 1-0: Fly out, F8 (Flyball, 78D, EV 96.9 MPH)
|
|
Batting: LHB Dave Northam
|
0-0: Foul Ball, location: 2F 0-1: Ball Passed Ball! Oscar Curiel to third 1-1: Foul Ball, location: 2F 1-2: Ground out 4-3 (Groundball, 4S, EV 80.0 MPH)
|
| Top of the 7th over - 6 runs, 2 hits, 2 errors, 1 left on base; Princeton 16 - Pulaski 3 |
| BOTTOM OF THE 7TH |
|
Pulaski Yankees batting - Pitching for Princeton Rays : RHP Julio Trejo
|
|
Now in CF: Jonathan Spino
|
|
|
Batting: LHB Matt Cusatis
|
0-0: Ground out 5-3 (Groundball, 56, EV 103.1 MPH)
|
|
Batting: LHB Dustin Shaw
|
0-0: Ball 1-0: Called Strike 1-1: Ball 2-1: Foul Ball, location: 2F 2-2: Strikes out swinging, 2-3 out at first.
|
|
Batting: RHB Ben Cunningham
|
0-0: Foul Ball, location: 2F 0-1: Ball 1-1: Called Strike 1-2: Ball 2-2: Strikes out swinging
|
| Bottom of the 7th over - 0 runs, 0 hits, 0 errors, 0 left on base; Princeton 16 - Pulaski 3 |
| TOP OF THE 8TH |
|
Princeton Rays batting - Pitching for Pulaski Yankees : LHP Alex Ramirez
|
|
Batting: LHB Jonathan Spino
|
0-0: Ball 1-0: Swinging Strike 1-1: SOLO HOME RUN (Flyball, 9D, EV 95.6 MPH), Distance : 374 ft
|
|
Batting: RHB Bobby Ross
|
0-0: Ball 1-0: Ball 2-0: Ball 3-0: Base on Balls
|
|
Batting: LHB Sean Banks
|
0-0: Ball 1-0: Foul Ball, location: 2F 1-1: Fielders Choice at 2nd, 1-4 (Groundball, 15S, EV 62.5 MPH)
|
|
Batting: SHB Berthold Frey
|
0-0: Ball Passed Ball! Sean Banks to second 1-0: Ball 2-0: Ball Wild Pitch! Sean Banks to third 3-0: Called Strike Passed Ball! Sean Banks scores 3-1: SINGLE (Groundball, P, EV 76.9 MPH) (infield hit)
|
|
Batting: SHB Joshua Jackson
|
0-0: Ball 1-0: Foul Ball, location: 2F 1-1: Fly out, F8 (Line Drive, 8LM, EV 96.9 MPH)
|
|
Batting: RHB Adam Turpin
|
0-0: Called Strike 0-1: Foul Ball, location: 2F 0-2: Reached on error, E6 (Groundball, 6, EV 83.1 MPH) Berthold Frey to second
|
|
Batting: LHB Oscar Curiel
|
0-0: Swinging Strike 0-1: Foul Ball, location: 2F 0-2: Ball Wild Pitch! Berthold Frey to third Adam Turpin to second 1-2: Ball 2-2: Hit by Pitch
|
|
Batting: RHB Jim Erdody
|
0-0: Ball Passed Ball! Berthold Frey scores Adam Turpin to third Oscar Curiel to second 1-0: Foul Ball, location: 2F 1-1: Ground out 6-3 (Groundball, 6, EV 88.1 MPH)
|
| Top of the 8th over - 3 runs, 2 hits, 1 error, 2 left on base; Princeton 19 - Pulaski 3 |
| BOTTOM OF THE 8TH |
|
Pulaski Yankees batting - Pitching for Princeton Rays : RHP Julio Trejo
|
|
Batting: RHB Jonathan Iniguez
|
0-0: Called Strike 0-1: Ball 1-1: Called Strike 1-2: Ball 2-2: Strikes out swinging
|
|
Batting: RHB Gonçalo Burhil
|
0-0: SINGLE (Groundball, 4D, EV 103.1 MPH)
|
|
Batting: SHB Corey Penson
|
0-0: Ball 1-0: Foul Ball, location: 2F 1-1: Foul Ball, location: 2F 1-2: Strikes out swinging
|
|
Batting: LHB Steve LeGrand
|
0-0: Called Strike 0-1: Ball 1-1: Ball 2-1: SINGLE (Groundball, 6D, EV 105.6 MPH) Gonçalo Burhil to second Runner from 2nd tries for 3rd, OUT! 8-5
|
| Bottom of the 8th over - 0 runs, 2 hits, 0 errors, 1 left on base; Princeton 19 - Pulaski 3 |
| TOP OF THE 9TH |
|
Princeton Rays batting - Pitching for Pulaski Yankees : LHP Alex Ramirez
|
|
Batting: LHB Dave Northam
|
0-0: Ball 1-0: Ball 2-0: Foul Ball, location: 2F 2-1: Foul Ball, location: 2F 2-2: Ball 3-2: Base on Balls
|
|
Batting: LHB Jonathan Spino
|
0-0: Foul Ball, location: 2F 0-1: SINGLE (Groundball, 4D, EV 108.1 MPH) Dave Northam to second Runner from 2nd tries for 3rd, SAFE, throw by CF made to third Jonathan Spino to second
|
|
Batting: RHB Bobby Ross
|
0-0: Called Strike 0-1: Ball 1-1: Swinging Strike 1-2: Ball 2-2: Ball Wild Pitch! Dave Northam scores Jonathan Spino to third 3-2: Foul Ball, location: 2F 3-2: DOUBLE (Line Drive, 3D, EV 98.1 MPH) Jonathan Spino scores
|
|
Pitching: LHP Jessie Neal
|
|
|
Batting: LHB Sean Banks
|
0-0: SINGLE (Groundball, 4D, EV 103.8 MPH) Bobby Ross to third
|
|
Batting: SHB Berthold Frey
|
0-0: Ball 1-0: Ball 2-0: Ball 3-0: Base on Balls Sean Banks to second
|
|
Batting: SHB Joshua Jackson
|
0-0: Ball Passed Ball! Bobby Ross scores Sean Banks to third Berthold Frey to second 1-0: Swinging Strike Passed Ball! Sean Banks scores Berthold Frey to third 1-1: Ball 2-1: Foul Ball, location: 2F 2-2: Ball 3-2: Foul Ball, location: 2F 3-2: Ground out 4-3 (Groundball, 4, EV 87.5 MPH) Berthold Frey scores
|
|
Batting: RHB Adam Turpin
|
0-0: Fly out, F9 (Flyball, 89S, EV 86.2 MPH)
|
|
Batting: LHB Oscar Curiel
|
0-0: Ball 1-0: Foul Ball, location: 2F 1-1: Fly out, F7 (Flyball, 78D, EV 110.0 MPH)
|
| Top of the 9th over - 5 runs, 3 hits, 0 errors, 0 left on base; Princeton 24 - Pulaski 3 |
| BOTTOM OF THE 9TH |
|
Pulaski Yankees batting - Pitching for Princeton Rays : RHP Julio Trejo
|
|
Batting: RHB David Durr
|
0-0: Called Strike 0-1: Foul Ball, location: 2F 0-2: Ball 1-2: Strikes out swinging
|
|
Batting: LHB Jared Zulkowski
|
0-0: Ball 1-0: Foul Ball, location: 2F 1-1: Swinging Strike 1-2: Ball 2-2: SOLO HOME RUN (Flyball, 7D, EV 100.0 MPH), Distance : 375 ft
|
|
Batting: LHB Matt Cusatis
|
0-0: SINGLE (Line Drive, 6M, EV 97.5 MPH)
|
|
Batting: LHB Dustin Shaw
|
0-0: Foul Ball, location: 2F 0-1: Swinging Strike 0-2: SINGLE (Groundball, 13, EV 81.2 MPH) (infield hit) Matt Cusatis to second
|
|
Batting: RHB Ben Cunningham
|
0-0: Ball 1-0: Ball Wild Pitch! Matt Cusatis to third Dustin Shaw to second 2-0: Fly out, F8 (Flyball, 8LM, EV 91.2 MPH)
|
|
Batting: RHB Jonathan Iniguez
|
0-0: Ball 1-0: Ground out 5-3 (Groundball, 56S, EV 86.9 MPH)
|
| Bottom of the 9th over - 1 run, 3 hits, 0 errors, 2 left on base; Princeton 24 - Pulaski 4 |
|